Map: Dasan Station LE

Players

Mario - Winner!

  • Race: Terran Terran
  • League: Diamond
  • Spawn Location: 6:00

Vinzan

  • Race: Terran Terran
  • League: Diamond
  • Spawn Location: 12:00

VOD

Have the link to the VOD?

Description

Time

  • Played on: Nov. 11, 2016, 5:48 p.m.
  • Length: 14:16
Show
View Real Time Build Order
Export as new Build Order

Mario Terran - Winner!

Build Orders: Reaper Expand 

Get SALT Encoding   

  12  0:00  SCV  
  13  0:14  Supply Depot  
  13  0:17  SCV  
  14  0:29  SCV  
  15  0:39  Barracks  
  15  0:42  Refinery  
  15  0:44  SCV  
  16  0:58  SCV  
  17  1:10  SCV  
  18  1:25  Orbital Command  
  18  1:27  Reaper  
  19  1:41  Command Center  
  19  1:51  SCV  
  20  1:56  Refinery  
  20  2:01  Barracks  
  20  2:05  Barracks Reactor  
  20  2:09  SCV  
  21  2:21  SCV  
  21  2:22  Factory  
  22  2:37  SCV  
  23  2:45  Engineering Bay  
  23  2:52  Marine x2  
  23  2:56  Barracks Tech Lab, Supply Depot  
  25  3:01  SCV  
  25  3:02  Orbital Command  
  26  3:09  Factory Tech Lab  
  26  3:18  Missile Turret  
  26  3:20  SCV  
  27  3:28  Siege Tank  
  30  3:38  Marine x2  
  30  3:39  Marine  
  33  3:42  SCV  
  33  3:43  SCV  
  35  3:54  Stimpack  
  35  3:57  Missile Turret  
  35  4:07  Starport  
  35  4:08  Marine x2  
  35  4:09  Marine  
  38  4:14  SCV x2  
  40  4:19  Siege Tank  
  42  4:45  Marine  
  42  4:46  Marine x2  
  42  4:47  Starport Reactor  
  42  4:48  Terran Infantry Weapons Level 1  
  42  4:49  SCV x2  
  47  4:59  Barracks  
  47  5:02  Barracks  
  47  5:04  Barracks  
  47  5:13  SCV x2  
  49  5:20  Siege Tank  
  52  5:24  Viking  
  54  5:30  Viking  
  56  5:52  Marine x3  
  56  5:53  Marine x2  
  56  5:54  Marine  
  49  6:17  Marine x6  
  49  6:34  Marine  
  49  6:35  Marine x5  
  37  6:52  Marine x3  
  37  6:53  Marine x3, Siege Tank  
  46  7:05  Liberator  
  46  7:10  Refinery  
  46  7:12  Refinery  
  46  7:15  Missile Turret  
  46  7:16  Supply Depot  
  46  7:17  Supply Depot  
  46  7:18  Supply Depot, Missile Turret  
  46  7:37  Marine x6  
  39  7:55  Marine x4  
  39  8:13  Marine x4  
  39  8:16  Orbital Command  
  42  8:27  Viking x2  
  42  8:31  Marine x4  
  48  8:48  Marine x4  
  46  9:06  Marine x4  
  43  9:12  Medivac x2  
  47  9:24  Marine x4  
  51  9:37  Orbital Command  
  51  9:42  Marine x4  
  51  9:54  Viking  
  53  10:00  Marine  
  53  10:02  Marine x3, Viking, Supply Depot, Siege Tank  
  62  10:07  Orbital Command  
  60  10:17  Marine  
  60  10:19  Marine  
  62  10:23  Marine  
  59  10:45  Marine x3  
  49  11:02  Marine x2  
  49  11:03  Marine  
  47  11:20  Marine x3  
  50  11:32  Liberator x2  
  50  11:38  Marine x3  
  59  11:56  Marine x3  
  62  12:14  Marine x3  
  58  12:28  Orbital Command  
  47  12:31  Marine  
  47  12:32  Marine x2  
  47  12:49  Marine x3  
  50  13:07  Marine x3  
  51  13:25  Marine  
  49  13:57  Marine x3  
  52  14:11  Factory Tech Lab  
Show
View Real Time Build Order
Export as new Build Order

Vinzan Terran 

Build Orders:  

Get SALT Encoding   

  12  0:04  SCV  
  13  0:16  SCV  
  13  0:18  Supply Depot  
  14  0:28  SCV  
  15  0:40  SCV  
  15  0:41  Barracks  
  16  0:47  Refinery  
  16  1:00  SCV  
  17  1:12  SCV  
  17  1:18  Refinery  
  19  1:29  Supply Depot  
  19  1:30  Marine  
  20  1:34  Orbital Command  
  19  1:52  Marine  
  20  1:55  Factory  
  20  2:01  SCV  
  21  2:10  Marine  
  22  2:16  SCV  
  23  2:28  SCV  
  24  2:32  Marine  
  25  2:39  Factory Tech Lab  
  25  2:44  SCV  
  25  2:47  Starport  
  25  2:48  Starport  
  27  2:53  Barracks Reactor  
  27  2:56  SCV  
  27  3:01  Siege Tank  
  30  3:06  Engineering Bay  
  30  3:08  SCV  
  31  3:25  Starport Tech Lab  
  31  3:26  Starport Reactor  
  31  3:31  Supply Depot  
  31  3:37  Missile Turret  
  31  3:52  Banshee  
  31  3:53  SCV  
  35  3:55  Command Center  
  35  4:01  Cloaking Field  
  35  4:04  Marine  
  35  4:05  SCV  
  37  4:13  Supply Depot  
  37  4:17  Marine  
  37  4:22  Marine  
  39  4:34  SCV  
  39  4:39  Supply Depot  
  39  4:46  SCV, Reaper  
  39  4:48  Viking  
  43  4:58  SCV  
  43  4:59  Siege Tank  
  47  5:04  Marine  
  48  5:16  SCV  
  48  5:18  Marine  
  50  5:27  Banshee  
  53  5:28  SCV  
  53  5:29  SCV  
  53  5:31  Siege Tank  
  58  5:41  Marine  
  56  6:10  Marine x2, Banshee  
  55  6:21  SCV x2  
  54  6:28  Marine x2  
  55  6:46  Marine x2  
  56  6:49  Refinery, Orbital Command  
  56  6:51  Refinery, SCV  
  56  6:53  Banshee  
  60  6:55  Viking  
  62  7:03  SCV  
  62  7:04  Marine x2  
  63  7:20  SCV  
  63  7:21  Marine  
  62  7:36  Banshee  
  56  7:50  Marine x2, Siege Tank  
  59  8:08  Marine x2  
  58  8:13  Viking x2  
  58  8:19  SCV, Banshee  
  66  8:20  SCV  
  66  8:22  Siege Tank  
  70  8:38  Marine x2  
  69  8:46  Viking x2  
  70  8:58  Marine  
  70  8:59  Marine  
  70  9:01  Banshee  
  59  9:16  Marine  
  60  9:17  Marine, Barracks x2  
  60  9:19  Barracks, SCV x2  
  60  9:21  Factory  
  60  9:22  Armory  
  60  9:23  Engineering Bay  
  63  9:26  Missile Turret  
  63  9:31  SCV x2  
  63  9:33  Supply Depot  
  63  9:34  Marine  
  63  9:35  Marine  
  67  9:47  Missile Turret, Siege Tank  
  70  9:55  Marine x2  
  70  9:56  Supply Depot  
  72  10:12  Marine x2, Missile Turret  
  74  10:19  Siege Tank  
  74  10:20  Supply Depot  
  77  10:30  Marine x2  
  71  10:48  Marine x2  
  62  10:51  Siege Tank  
  49  11:06  Marine  
  48  11:15  SCV  
  48  11:18  Command Center  
  49  11:27  Barracks, SCV  
  49  11:28  Barracks  
  49  11:29  Barracks x2  
  49  11:31  Bunker  
  49  11:32  Bunker  
  46  11:34  Supply Depot  
  28  12:09  Supply Depot  
  25  12:35  Marine  
  26  12:46  Marine x3  
  29  12:53  Marine  
  30  13:03  Marine  
  30  13:04  Marine x2  
  33  13:11  Marine  
  31  13:18  Reaper  
  32  13:21  Marine x3  
  35  13:28  Factory Tech Lab  
  35  13:30  Marine  
  36  13:39  Marine x2  
  27  13:50  SCV  
Tags
 
Add a new tag
Caveats
  • Supply blocks, unpowered buildings, or Contaminate may cause inaccurate times.
  • Supply counts are checked every 10 seconds.